 Dungeon Crawl Stone Soup version 0.27-a0-385-g3208abaabc (webtiles) character file.

Game seed: 16347623961287552142

672 tilp the Insei (level 7, -5/49 HPs)
             Began as an Octopode Transmuter on Feb 19, 2021.
             Slain by an ice beast (11 damage)
             ... on level 5 of the Dungeon.
             The game lasted 00:07:18 (4809 turns).

tilp the Insei (Octopode Transmuter)                Turns: 4809, Time: 00:07:20

Health: -5/49      AC:  1    Str:  9    XL:     7   Next: 59%
Magic:  6/10       EV: 14    Int: 17    God:
Gold:   301        SH:  5    Dex: 13    Spells: 7/10 levels left

rFire    . . .     SeeInvis +     - Unarmed
rCold    . . .     Faith    .   (no shield)
rNeg     . . .     Spirit   .   (helmet currently unavailable)
rPois    .         Reflect  +   m - amulet of reflection
rElec    .         Harm     .   l - ring of see invisible
rCorr    .         Rampage  .   (no ring)
Will     .....                  (no ring)
Stlth    +++.......             (no ring)
HPRegen  0.16/turn              (no ring)
MPRegen  0.12/turn              (no ring)
                                (no ring)
                                (no ring)

@: appendages (expiring), wereblooded
A: almost no armour, stealthy swim, amphibious, 8 rings, constrict 8, tentacle
spike 3, camouflage 1, gelatinous body 1
a: End Transformation


You were on level 5 of the Dungeon.
One of your tentacles had a temporary spike.
You visited 1 branch of the dungeon, and saw 5 of its levels.

You collected 301 gold pieces.

Inventory:

Hand Weapons
 a - a +0 hunting sling
Missiles
 c - 173 stones
 d - 5 poisoned darts (quivered)
 e - 3 atropa-tipped darts
 s - 5 boomerangs
Jewellery
 l - a ring of see invisible (left tentacle)
 m - an amulet of reflection (around mantle)
 p - an amulet of the acrobat
Wands
 h - a wand of digging (8)
Scrolls
 b - a scroll of fog {unknown}
 f - a scroll of teleportation
 j - a scroll of immolation {unknown}
 k - a scroll of magic mapping
Potions
 g - a potion of mutation
 i - a potion of invisibility
 n - 2 potions of lignification
 o - a potion of attraction
 q - a potion of heal wounds {unknown}
 r - a potion of berserk rage {unknown}


   Skills:
 + Level 4.4 Fighting
 + Level 2.7 Dodging
 - Level 4.0 Stealth
 + Level 6.3 Unarmed Combat
 - Level 2.0 Spellcasting
 - Level 2.0 Transmutations


You had 7 spell levels left.
You knew the following spells:

 Your Spells              Type           Power        Failure   Level
a - Beastly Appendage     Tmut           16%          9%          1
b - Wereblood             Tmut           8%           13%         2

Your spell library contained the following spells:

 Spells                   Type           Power        Failure   Level
 Spider Form              Tmut/Pois      2%           36%         3
 Ice Form                 Ice/Tmut       5%           77%         4
 Blade Hands              Tmut           4%           93%         5


Dungeon Overview and Level Annotations

Branches:
Dungeon (5/15)
 Temple: D:4-7

Altars:
Elyvilon
Fedhas
Sif Muna

Annotations:
D:3 Ijyb, Sigmund


Innate Abilities, Weirdness & Mutations

You cannot wear most types of armour.
You are very stealthy in the water. (Stealth+)
You are amphibious.
You can wear up to eight rings at the same time.
You can use your tentacles to constrict eight enemies at once.
Your skin changes colour to match your surroundings (Stealth+).
Your rubbery body absorbs attacks. (AC +1, EV +1)
One of your tentacles bears a large vicious spike.


Message History

You pierce the ogre.
The ogre is heavily wounded.
You tentacle-slap the ogre.
The ogre is severely wounded.
The ogre hits you with a +0 giant club!!
You tentacle-slap the ogre.
Your tentacle spike misses the ogre.
The ogre is severely wounded.
The ogre hits you with a +0 giant club.
You tentacle-slap the ogre.
You pierce the ogre.
You kill the ogre!
You completely miss the ice beast.
You howl as the wereblood boils in your veins!
You hear an angry hiss.
Your magical contamination has completely faded away.
You tentacle-slap the ice beast.
You pierce the ice beast.
The ice beast is moderately wounded.
Your transformation is almost over.
The ice beast hits you. The ice beast freezes you.
You barely miss the ice beast.
You pierce the ice beast, but do no damage.
The ice beast is moderately wounded.
The ice beast hits you.
* * * LOW HITPOINT WARNING * * *
The ice beast freezes you.
* * * LOW HITPOINT WARNING * * *
A leopard gecko comes into view.
You tentacle-slap the ice beast.
The ice beast is heavily wounded.
The ice beast barely misses you.
Unknown command.
You tentacle-slap the ice beast. You squeeze the ice beast.
The ice beast is severely wounded.
You block the ice beast's attack.
You tentacle-slap the ice beast but do no damage.
You squeeze the ice beast, but do no damage.
The ice beast is severely wounded.
The ice beast hits you.
* * * LOW HITPOINT WARNING * * *
The ice beast freezes you!
You die...

....#.....#.##
##........#
####..#....#..##
##......## ......#.....##
##...###
#.#.####.##.......>.###
##.### ......<#
........#....###..#
##.Y.(Y.##..
....##....[..##
............
#.#...#...####
#####.#...#.##.#...#....#
....#......Y@.......#
#..........##....##.....#
...................##....
.#.........<........#
.....
......#.l#..............
########................
..#..........
............... .. ....


You could see an ice beast and a leopard gecko.

Vanquished Creatures
  An ogre (D:5)
  A centaur zombie (D:5)
  3 hounds (D:4)
  3 bullfrog skeletons (D:4)
  2 orc priests
  Jessica (D:2)
  Terence (D:3)
  3 orc wizards
  2 worker ants
  A hound skeleton (D:4)
  4 adders
  An ooze (D:3)
  An adder zombie (D:5)
  A worm (D:2)
  4 dart slugs
  3 leopard geckos
  10 orcs
  7 bats
  3 giant cockroaches
  5 goblins
  5 hobgoblins
  5 jackals
  5 quokkas
  5 frilled lizards (D:2)
  6 kobolds
  6 rats
89 creatures vanquished.

Notes
Turn   | Place    | Note
-------+----------+-------------------------------------------
     0 | D:1      | tilp the Octopode Transmuter began the quest for the Orb.
     0 | D:1      | Reached XP level 1. HP: 13/13 MP: 3/3
   100 | D:1      | Reached skill level 1 in Stealth
   299 | D:1      | Reached XP level 2. HP: 18/18 MP: 5/5
   302 | D:1      | Learned a level 2 spell: Wereblood
  1040 | D:2      | Reached XP level 3. HP: 7/23 MP: 6/6
  1845 | D:2      | Noticed Jessica
  1853 | D:2      | Killed Jessica
  1854 | D:2      | Reached XP level 4. HP: 28/28 MP: 3/7
  1857 | D:2      | Found a blossoming altar of Fedhas.
  2351 | D:3      | Noticed Sigmund
  2517 | D:3      | Noticed Terence
  2533 | D:3      | Killed Terence
  2534 | D:3      | Reached skill level 4 in Unarmed Combat
  2534 | D:3      | Reached XP level 5. HP: 22/34 MP: 3/8
  2764 | D:3      | Noticed Ijyb
  3021 | D:3      | Reached skill level 5 in Unarmed Combat
  3197 | D:3      | Reached XP level 6. HP: 41/41 MP: 3/9
  4088 | D:4      | Found a shimmering blue altar of Sif Muna.
  4156 | D:4      | Found a white marble altar of Elyvilon.
  4322 | D:4      | Reached skill level 6 in Unarmed Combat
  4322 | D:4      | Reached XP level 7. HP: 47/47 MP: 8/10
  4564 | D:5      | Entered Level 5 of the Dungeon
  4809 | D:5      | Slain by an ice beast

Illustrated notes

Levels and vault maps discovered:
D:1:      minmay_arrival_four_loops, layout_basic
D:2:      layout_loops_cross, fedhas_altar_fruit_tree, minmay_tetromino_t4,
          uniq_jessica
D:3:      cheibrodos_pilgrimage, layout_basic, uniq_terence, uniq_ijyb,
          uniq_sigmund
D:4:      layout_basic, old_standard_altar, grunt_ministairs_13, led_sif_pool
D:5:      layout_rooms, lemuel_doored_altar, minmay_temple_entry_glassed_door,
          uniq_pikel

Skill      XL: |  1  2  3  4  5  6  7 |
---------------+----------------------+-----
Stealth        | 2 4 |  4.0
Fighting       | 2 3 4 |  4.4
Unarmed Combat | 4 5 6 |  6.3
Dodging        | |  2.7
Spellcasting   | |  2.0
Transmutations | |  2.0

Action                   |  1- 3 |  4- 6 |  7- 9 || total
-------------------------+-------+-------+-------++-------
Melee: Unarmed           |    76 |   125 |    38 ||   239
       Constrict         |    21 |    32 |     7 ||    60
       Tentacles         |     9 |    23 |     7 ||    39
       Kick              |     6 |    23 |    12 ||    41
       Punch             |     1 |     6 |     3 ||    10
Throw: Dart              |     3 |     8 |     5 ||    16
 Cast: Beastly Appendage |     4 |    13 |     4 ||    21
       Wereblood         |     3 |     7 |     2 ||    12
  Use: Scroll            |       |     6 |     2 ||     8
       Potion            |       |     1 |       ||     1
 Stab: Sleeping          |    10 |    10 |       ||    20
       Distracted        |       |     1 |       ||     1
Armor: Skin              |     7 |     4 |     2 ||    13
Dodge: Dodged            |    43 |    56 |    17 ||   116
Block: Other             |       |    18 |     6 ||    24
       Reflection        |       |       |     1 ||     1

Table legend: (Time is in decaauts)
 A = Elapsed time spent in this place.
 B = Non-inter-level travel time spent in this place.
 C = Inter-level travel time spent in this place.
 D = Time resting spent in this place.
 E = Time spent auto-exploring this place.
 F = Levels seen in this place.
 G = Mean time per level.
                   A        B        C        D        E       F      G
               +--------+--------+--------+--------+--------+-----+--------+
         Total |   4793 |   4549 |    244 |    824 |   2992 |   5 |  958.6 |
       Dungeon |   4793 |   4549 |    244 |    824 |   2992 |   5 |  958.6 |
               +--------+--------+--------+--------+--------+-----+--------+

Top non-repeatable levels by time:
     D:3: 1422 daAuts
     D:2: 1402 daAuts
     D:1: 896 daAuts
     D:4: 857 daAuts
     D:5: 214 daAuts
